Blues vs Lightning

Created - 10 janvier 2018 at 19:31

Goals
1 2 3 T
Blues 1 0 1 2
Lightning 1 4 0 5
Shots
1 2 3 T
Blues 11 11 9 31
Lightning 6 20 8 34

1st period

1. Lightning , Viktor Stalberg 3 (Ryan Nugent-Hopkins 20, Eddie Lack) at 4:03
2. Blues , Rene Bourque 13 (Jamie McGinn 10, Melker Karlsson 17) at 18:16

Penalties :
Rene Bourque (STL) for Interference (Minor) at 18:43

2nd period

3. Lightning , Dennis Seidenberg 3 (Drew Stafford 9, Ryan Nugent-Hopkins 21) at 1:51
4. Lightning , Radim Vrbata 7 (Tyler Seguin 25, Nick Foligno 14) at 9:13
5. Lightning , Tyler Seguin 11 (Johnny Boychuk 7, Eddie Lack) at 14:32
6. Lightning , Jonathan Marchessault 12 (Andrej Sekera 20, Jussi Jokinen 9) at 16:04 (PP)

Penalties :
Radko Gudas (TAM) for Holding (Minor) at 3:28, Cody Eakin (STL) for Tripping (Minor) at 15:48

3rd period

7. Blues , Melker Karlsson 6 (Jeff Skinner 11, Cody Eakin 13) at 4:04 (PP)

Penalties :
Colin Miller (TAM) for Interference (Minor) at 3:54, Jordan Szwarz (STL) for Tripping (Minor) at 19:36

Goalie Stats

Kari Lehtonen (STL), 29 saves from 34 shots - (0,853), L, 11-14-5, 60:00 minutes
Eddie Lack (TAM), 29 saves from 31 shots - (0,935), W, 3-4-2, 60:00 minutes

Players Stats for Blues

Player Name              G  A  P  +/- PIM S  H  SB GA TA FO     MP     PP MP  PK MP  
------------------------------------------------------------------------------------
Brenden Dillon           0  0  0  -2  0   0  0  0  1  2  0/0    19:24   0:54   0:31 
Cody Eakin               0  1  1  -3  2   2  1  0  0  1  1/2    19:46   1:11   1:43 
David Schlemko           0  0  0   0  0   0  2  0  1  0  0/0    13:10   0:00   0:00 
Dominik Simon            0  0  0   0  0   1  0  0  0  0  0/0     8:19   0:00   0:00 
Gabriel Dumont           0  0  0   0  0   1  2  0  0  0  1/3     8:10   0:03   0:00 
Jamie McGinn             0  1  1   0  0   8  2  0  1  0  0/0    18:36   0:53   0:00 
Jeff Skinner             0  1  1  -3  0   6  0  2  1  1  7/30   25:26   1:11   1:59 
Jordan Oesterle          0  0  0   0  0   1  0  3  0  1  0/0    13:02   0:00   0:00 
Jordan Szwarz            0  0  0   0  2   0  1  0  0  0  0/1    14:37   0:05   0:00 
Kevin Porter             0  0  0   0  0   2  3  1  0  0  6/9    15:25   0:53   0:00 
Mark Fayne               0  0  0  -2  0   0  0  0  0  1  0/0    19:24   0:54   0:31 
Melker Karlsson          1  1  2  -3  0   3  3  0  0  0  0/2    19:25   1:10   0:39 
Mike Green               0  0  0  -1  0   2  1  0  0  2  0/0    27:26   1:15   2:07 
Nate Thompson            0  0  0   0  0   0  0  0  0  1  3/10   14:18   0:00   0:55 
Rene Bourque             1  0  1   0  2   3  2  0  0  0  0/1    18:45   0:53   0:00 
Ryan Reaves              0  0  0   0  0   1  1  0  0  0  0/0    14:32   0:08   0:00 
Scott Mayfield           0  0  0   0  0   0  0  0  0  0  0/0     3:35   0:00   0:00 
Trevor Daley             0  0  0  -1  0   1  0  1  0  3  0/0    23:59   1:15   2:07 

Players Stats for Lightning

Player Name              G  A  P  +/- PIM S  H  SB GA TA FO     MP     PP MP  PK MP  
------------------------------------------------------------------------------------
Andrej Sekera            0  1  1   1  0   1  0  1  1  1  0/0    26:29   1:22   1:01 
Antoine Vermette         0  0  0  -1  0   3  1  1  2  1  1/4    10:59   0:00   0:00 
Carl Soderberg           0  0  0  -1  0   2  0  0  1  0  1/2    10:59   0:00   0:00 
Colin Miller             0  0  0   1  2   1  0  5  0  1  0/0    14:09   0:00   1:08 
Dennis Seidenberg        1  0  1   1  0   2  1  1  0  0  0/0    20:12   1:16   0:51 
Drew Stafford            0  1  1   1  0   4  0  0  0  0  0/1    12:04   0:00   0:00 
Johnny Boychuk           0  1  1   1  0   0  1  3  1  1  0/0    19:21   1:16   0:00 
Jonathan Marchessault    1  0  1   1  0   1  0  0  1  0  1/1    16:44   1:15   0:00 
Jussi Jokinen            0  1  1   1  0   2  0  0  2  0  0/0    16:44   1:15   0:00 
Matt Cullen              0  0  0   1  0   0  4  0  0  0  21/28  17:31   1:15   0:47 
Nick Foligno             0  1  1   2  0   2  0  0  1  0  0/0    19:03   1:23   1:03 
Noah Hanifin             0  0  0   1  0   0  2  1  0  0  0/0    15:42   1:22   1:08 
Radim Vrbata             1  0  1   2  0   4  1  0  0  0  1/2    19:10   1:23   1:06 
Radko Gudas              0  0  0   1  2   0  4  6  0  0  0/0    24:09   0:00   0:10 
Ryan Dzingel             0  0  0  -1  0   5  1  1  0  0  0/0    10:59   0:00   0:00 
Ryan Nugent-Hopkins      0  2  2   1  0   0  1  0  2  0  3/6    12:04   0:00   0:00 
Tyler Seguin             1  1  2   2  0   5  3  0  1  0  12/14  19:03   1:23   1:03 
Viktor Stalberg          1  0  1   1  0   2  1  0  0  0  0/0    12:27   0:00   0:19 

3 Stars

1 - Tyler Seguin (TAM)
2 - Radim Vrbata (TAM)
3 - Dennis Seidenberg (TAM)

Power Play

Blues - 1 on 2 Attempt(s) - 50,00%
Lightning - 1 on 3 Attempt(s) - 33,33%

Penalty Kill

Blues - 2 on 3 Attempt(s) - 66,67% - Score 0 goal in Penalty Kill
Lightning - 1 on 2 Attempt(s) - 50,00% - Score 0 goal in Penalty Kill

Team Stat

Blues - Hits : 18 - Faceoff Wins : 18 - Blocked Shots : 7 - Penalty Minutes : 6
Lightning - Hits : 20 - Faceoff Wins : 40 - Blocked Shots : 19 - Penalty Minutes : 4

Official

Referees : Ian Walsh and Greg Kimmerly
Linesman : Michel Cormier and Jonny Murray

Game Notes

Kevin Porter is injured at 9:44 of 3rd period (Lacerated Right Calf)

Finance

Level 1 -- Attendance: 5797 (96,62%) -- Ticket Income 492 745 $
Level 2 -- Attendance: 3108 (62,16%) -- Ticket Income 233 100 $
Level 3 -- Attendance: 1159 (57,95%) -- Ticket Income 63 745 $
Level 4 -- Attendance: 1783 (44,58%) -- Ticket Income 71 320 $
Luxury Box -- Attendance: 883 (88,30%) -- Ticket Income 132 450 $
Game was played at the Tampa Baseball Stadium.
Total Attendance: 12730 (70,72%)
Total Ticket Income: 993 360 $
Other Income: 486 746 $
Total Income: 1 480 106 $

Blues

5 vs 5 Forward 
   Center                   Left Wing                Right Wing               Time % Phy DF OF 
 1 Jeff Skinner             Cody Eakin               Melker Karlsson          40     1   2  2  
 2 Kevin Porter             Rene Bourque             Jamie McGinn             30     1   2  2  
 3 Nate Thompson            Ryan Reaves              Jordan Szwarz            20     1   2  2  
 4 Gabriel Dumont           Dominik Simon            Jeff Skinner             10     1   2  2  

5 vs 5 Defense 
   Defense                  Defense                                           Time % Phy DF OF 
 1 Mike Green               Trevor Daley                                      40     1   2  2  
 2 Brenden Dillon           Mark Fayne                                        30     1   2  2  
 3 David Schlemko           Jordan Oesterle                                   20     1   2  2  
 4 Scott Mayfield           Mike Green                                        10     1   2  2  

PowerPlay Forward 
   Center                   Left Wing                Right Wing               Time % Phy DF OF 
 1 Jeff Skinner             Cody Eakin               Melker Karlsson          60     1   2  2  
 2 Kevin Porter             Rene Bourque             Jamie McGinn             40     1   2  2  

PowerPlay Defense
   Defense                  Defense                                           Time % Phy DF OF 
 1 Mike Green               Trevor Daley                                      60     1   2  2  
 2 Brenden Dillon           Mark Fayne                                        40     1   2  2  

Penalty Kill 4 Players Forward 
   Center                   Wing                     Time % Phy DF OF 
 1 Jeff Skinner             Cody Eakin               60     1   2  2  
 2 Melker Karlsson          Rene Bourque             40     1   2  2  

Penalty Kill 4 Players Defense
   Defense                  Defense                  Time % Phy DF OF 
 1 Mike Green               Trevor Daley             60     1   2  2  
 2 Brenden Dillon           Mark Fayne               40     1   2  2  

Penalty Kill - 3 Players Forward 
   Forward                                           Time % Phy DF OF 
 1 Jeff Skinner                                      60     1   2  2  
 2 Cody Eakin                                        40     1   2  2  

Penalty Kill - 3 Players Defense
   Defense                  Defense                  Time % Phy DF OF 
 1 Mike Green               Trevor Daley             60     1   2  2  
 2 Brenden Dillon           Mark Fayne               40     1   2  2  

4 vs 4 Forward 
   Center                   Wing                     Time % Phy DF OF 
 1 Jeff Skinner             Cody Eakin               60     1   2  2  
 2 Melker Karlsson          Rene Bourque             40     1   2  2  

4 vs 4 Defense
   Defense                  Defense                  Time % Phy DF OF 
 1 Mike Green               Trevor Daley             60     1   2  2  
 2 Brenden Dillon           Mark Fayne               40     1   2  2  

Last Minutes Offensive
   Center                   Left Wing                Right Wing               Defense                  Defense                  
   Jeff Skinner             Cody Eakin               Melker Karlsson          Mike Green               Trevor Daley             

Last Minutes Defensive
   Center                   Left Wing                Right Wing               Defense                  Defense                  
   Jeff Skinner             Cody Eakin               Melker Karlsson          Mike Green               Trevor Daley             

Goaltenders
Starting : Kari Lehtonen            
Backup : Calvin Pickard           

Extra Forwards
Normal : Ryan Reaves, Jordan Szwarz, Nate Thompson - PP : Ryan Reaves, Jordan Szwarz - PK : Nate Thompson
Extra Defensemen
Normal : David Schlemko, Jordan Oesterle, Scott Mayfield - PP : David Schlemko - PK : Jordan Oesterle, Scott Mayfield
Penalty Shots
Jeff Skinner, Cody Eakin, Melker Karlsson, Rene Bourque, Jamie McGinn
Custom OT Lines Forwards
Jeff Skinner, Cody Eakin, Melker Karlsson, Rene Bourque, Jamie McGinn, Kevin Porter, Ryan Reaves, Jordan Szwarz, Nate Thompson, Gabriel Dumont
Custom OT Lines Defensemen
Mike Green, Trevor Daley, Brenden Dillon, Mark Fayne, David Schlemko

Scratches
Clarke MacArthur (Exhaustion), Dan Girardi (Healthy)

Lightning

5 vs 5 Forward 
   Center                   Left Wing                Right Wing               Time % Phy DF OF 
 1 Tyler Seguin             Nick Foligno             Radim Vrbata             30     1   2  2  
 2 Matt Cullen              Jussi Jokinen            Jonathan Marchessault    30     1   2  2  
 3 Ryan Nugent-Hopkins      Viktor Stalberg          Drew Stafford            20     1   2  2  
 4 Antoine Vermette         Ryan Dzingel             Carl Soderberg           20     1   2  2  

5 vs 5 Defense 
   Defense                  Defense                                           Time % Phy DF OF 
 1 Andrej Sekera            Radko Gudas                                       40     1   2  2  
 2 Dennis Seidenberg        Johnny Boychuk                                    30     1   2  2  
 3 Noah Hanifin             Colin Miller                                      20     1   2  2  
 4 Radko Gudas              Andrej Sekera                                     10     1   2  2  

PowerPlay Forward 
   Center                   Left Wing                Right Wing               Time % Phy DF OF 
 1 Tyler Seguin             Nick Foligno             Radim Vrbata             50     0   0  5  
 2 Matt Cullen              Jussi Jokinen            Jonathan Marchessault    50     0   0  5  

PowerPlay Defense
   Defense                  Defense                                           Time % Phy DF OF 
 1 Andrej Sekera            Noah Hanifin                                      50     0   0  5  
 2 Dennis Seidenberg        Johnny Boychuk                                    50     0   0  5  

Penalty Kill 4 Players Forward 
   Center                   Wing                     Time % Phy DF OF 
 1 Tyler Seguin             Nick Foligno             50     1   2  2  
 2 Radim Vrbata             Matt Cullen              50     1   2  2  

Penalty Kill 4 Players Defense
   Defense                  Defense                  Time % Phy DF OF 
 1 Andrej Sekera            Radko Gudas              50     1   2  2  
 2 Colin Miller             Noah Hanifin             50     1   2  2  

Penalty Kill - 3 Players Forward 
   Forward                                           Time % Phy DF OF 
 1 Tyler Seguin                                      50     1   2  2  
 2 Nick Foligno                                      50     1   2  2  

Penalty Kill - 3 Players Defense
   Defense                  Defense                  Time % Phy DF OF 
 1 Andrej Sekera            Radko Gudas              50     1   2  2  
 2 Dennis Seidenberg        Johnny Boychuk           50     1   2  2  

4 vs 4 Forward 
   Center                   Wing                     Time % Phy DF OF 
 1 Tyler Seguin             Nick Foligno             50     1   2  2  
 2 Radim Vrbata             Matt Cullen              50     1   2  2  

4 vs 4 Defense
   Defense                  Defense                  Time % Phy DF OF 
 1 Noah Hanifin             Radko Gudas              50     1   2  2  
 2 Andrej Sekera            Colin Miller             50     1   2  2  

Last Minutes Offensive
   Center                   Left Wing                Right Wing               Defense                  Defense                  
   Tyler Seguin             Nick Foligno             Radim Vrbata             Noah Hanifin             Radko Gudas              

Last Minutes Defensive
   Center                   Left Wing                Right Wing               Defense                  Defense                  
   Tyler Seguin             Nick Foligno             Radim Vrbata             Andrej Sekera            Radko Gudas              

Goaltenders
Starting : Eddie Lack               
Backup : Braden Holtby            

Extra Forwards
Normal : Ryan Nugent-Hopkins, Antoine Vermette, Viktor Stalberg - PP : Ryan Nugent-Hopkins, Antoine Vermette - PK : Viktor Stalberg
Extra Defensemen
Normal : Noah Hanifin, Colin Miller, Dennis Seidenberg - PP : Noah Hanifin - PK : Colin Miller, Dennis Seidenberg
Penalty Shots
Tyler Seguin, Nick Foligno, Radim Vrbata, Matt Cullen, Jussi Jokinen
Custom OT Lines Forwards
Tyler Seguin, Nick Foligno, Radim Vrbata, Matt Cullen, Jussi Jokinen, Ryan Nugent-Hopkins, Jonathan Marchessault, Antoine Vermette, Viktor Stalberg, Drew Stafford
Custom OT Lines Defensemen
Andrej Sekera, Radko Gudas, Dennis Seidenberg, Johnny Boychuk, Noah Hanifin

Scratches
Eric Tangradi (Healthy), Michal Rozsival (Healthy)

% Time on Ice - Blues

Lines # - Real PCT - Wanted PCT - Time Play
Normal Forward
1 - 30% - 40% - 16:31
2 - 33% - 30% - 17:58
3 - 23% - 20% - 12:37
4 - 15% - 10% - 8:07
Normal Defense
1 - 37% - 40% - 20:37
2 - 33% - 30% - 17:59
3 - 24% - 20% - 13:02
4 - 6% - 10% - 3:35
PP Forward
1 - 59% - 60% - 1:16
2 - 41% - 40% - 0:53
PP Defense
1 - 58% - 60% - 1:15
2 - 42% - 40% - 0:54
PK Forward
1 - 82% - 60% - 2:10
2 - 18% - 40% - 0:28
PK Defense
1 - 80% - 60% - 2:07
2 - 20% - 40% - 0:31
PK3 Forward
1 - 0% - 60%
2 - 0% - 40%
PK3 Defense
1 - 0% - 60%
2 - 0% - 40%
44 Forward
1 - 0% - 60%
2 - 0% - 40%
44 Defense
1 - 0% - 60%
2 - 0% - 40%
Last Minute Offensive  - 0:00
Last Minute Defensive  - 0:00
Total
Forward - 60:00
Defense - 60:00

% Time on Ice - Lightning

Lines # - Real PCT - Wanted PCT - Time Play
Normal Forward
1 - 30% - 30% - 16:37
2 - 28% - 30% - 15:33
3 - 22% - 20% - 12:04
4 - 20% - 20% - 10:59
Normal Defense
1 - 38% - 40% - 21:10
2 - 33% - 30% - 18:23
3 - 23% - 20% - 12:44
4 - 5% - 10% - 2:56
PP Forward
1 - 53% - 50% - 1:23
2 - 47% - 50% - 1:15
PP Defense
1 - 52% - 50% - 1:22
2 - 48% - 50% - 1:16
PK Forward
1 - 49% - 50% - 1:03
2 - 51% - 50% - 1:06
PK Defense
1 - 47% - 50% - 1:01
2 - 53% - 50% - 1:08
PK3 Forward
1 - 0% - 50%
2 - 0% - 50%
PK3 Defense
1 - 0% - 50%
2 - 0% - 50%
44 Forward
1 - 0% - 50%
2 - 0% - 50%
44 Defense
1 - 0% - 50%
2 - 0% - 50%
Last Minute Offensive  - 0:00
Last Minute Defensive  - 0:00
Total
Forward - 60:00
Defense - 60:00

Play by Play

1st period


0:01 of 1st period - Tyler Seguin wins face-off versus Jeff Skinner in neutral zone.
0:06 of 1st period - Snap shot by Radim Vrbata.
0:06 of 1st period - Stopped by Kari Lehtonen with a rebound.
1:16 of 1st period - Off-side.
1:17 of 1st period - Cody Eakin wins face-off versus Ryan Nugent-Hopkins in neutral zone.
1:30 of 1st period - Snap shot by Jeff Skinner.
1:30 of 1st period - Shot Hit the Post.
1:42 of 1st period - Matt Cullen is hit by Kevin Porter and loses puck.
2:46 of 1st period - Snap shot by Drew Stafford.
2:46 of 1st period - Shot Misses the Net.
2:53 of 1st period - Off-side.
2:54 of 1st period - Kevin Porter wins face-off versus Matt Cullen in neutral zone.
3:19 of 1st period - Johnny Boychuk is hit by David Schlemko.
3:25 of 1st period - Slapshot by Antoine Vermette.
3:25 of 1st period - Shot Blocked by Jordan Oesterle.
3:27 of 1st period - Wrist shot by Carl Soderberg.
3:27 of 1st period - Stopped by Kari Lehtonen with a rebound.
3:29 of 1st period - Slapshot by Carl Soderberg.
3:29 of 1st period - Stopped by Kari Lehtonen with a rebound.
3:45 of 1st period - Wrist shot by Jeff Skinner.
3:45 of 1st period - Shot Misses the Net.
3:47 of 1st period - Snap shot by Melker Karlsson.
3:47 of 1st period - Stopped by Eddie Lack with a rebound.
3:49 of 1st period - Slapshot by David Schlemko.
3:49 of 1st period - Shot Blocked by Colin Miller.
4:03 of 1st period - Snap shot by Viktor Stalberg.
4:03 of 1st period - Goal by Viktor Stalberg - Blues : 0 - Lightning : 1.
4:04 of 1st period - Matt Cullen wins face-off versus Jeff Skinner in neutral zone.
4:49 of 1st period - Icing by Johnny Boychuk.
4:50 of 1st period - Nate Thompson wins face-off versus Carl Soderberg in Lightning zone.
5:23 of 1st period - Snap shot by Jonathan Marchessault.
5:23 of 1st period - Shot Misses the Net.
5:35 of 1st period - Radko Gudas is hit by Kevin Porter and loses puck.
6:14 of 1st period - Gabriel Dumont is hit by Johnny Boychuk and loses puck.
6:43 of 1st period - Mark Fayne is hit by Noah Hanifin and loses puck.
6:58 of 1st period - Slapshot by Dominik Simon.
6:58 of 1st period - Shot Misses the Net.
7:00 of 1st period - Slapshot by Trevor Daley.
7:00 of 1st period - Stopped by Eddie Lack with a rebound.
7:02 of 1st period - Snap shot by Gabriel Dumont.
7:02 of 1st period - Shot Blocked by Colin Miller.
7:04 of 1st period - Wrist shot by Gabriel Dumont.
7:04 of 1st period - Shot Misses the Net.
7:06 of 1st period - Snap shot by Jeff Skinner.
7:06 of 1st period - Shot Blocked by Antoine Vermette.
7:08 of 1st period - Snap shot by Dominik Simon.
7:08 of 1st period - Stopped by Eddie Lack with a rebound.
7:10 of 1st period - Slapshot by Jeff Skinner.
7:10 of 1st period - Stopped by Eddie Lack without a rebound.
7:11 of 1st period - Matt Cullen wins face-off versus Nate Thompson in Lightning zone.
7:13 of 1st period - Icing by Jussi Jokinen.
7:14 of 1st period - Matt Cullen wins face-off versus Nate Thompson in Lightning zone.
7:27 of 1st period - Jordan Szwarz is hit by Radko Gudas and loses puck.
7:46 of 1st period - Wrist shot by Tyler Seguin.
7:46 of 1st period - Stopped by Kari Lehtonen with a rebound.
7:48 of 1st period - Slapshot by Andrej Sekera.
7:48 of 1st period - Stopped by Kari Lehtonen with a rebound.
9:27 of 1st period - Radim Vrbata is hit by Gabriel Dumont and loses puck.
9:43 of 1st period - Icing by Radko Gudas.
9:44 of 1st period - Ryan Nugent-Hopkins wins face-off versus Jeff Skinner in Lightning zone.
9:51 of 1st period - Andrej Sekera is hit by Melker Karlsson and loses puck.
11:09 of 1st period - Drew Stafford is hit by Rene Bourque and loses puck.
11:22 of 1st period - Snap shot by Drew Stafford.
11:22 of 1st period - Deflect By Jussi Jokinen.
11:22 of 1st period - Shot Misses the Net.
11:22 of 1st period - Puck is out of play.
11:23 of 1st period - Matt Cullen wins face-off versus Nate Thompson in Blues zone.
11:38 of 1st period - Snap shot by Nate Thompson.
11:38 of 1st period - Shot Misses the Net.
11:50 of 1st period - Rene Bourque is hit by Radko Gudas and loses puck.
12:22 of 1st period - Cody Eakin is hit by Radko Gudas and loses puck.
12:47 of 1st period - Snap shot by Jeff Skinner.
12:47 of 1st period - Shot Misses the Net.
13:01 of 1st period - Wrist shot by Jeff Skinner.
13:01 of 1st period - Shot Misses the Net.
13:38 of 1st period - Off-side.
13:39 of 1st period - Kevin Porter wins face-off versus Ryan Nugent-Hopkins in neutral zone.
13:41 of 1st period - Off-side.
13:42 of 1st period - Ryan Nugent-Hopkins wins face-off versus Kevin Porter in neutral zone.
13:45 of 1st period - Wrist shot by Viktor Stalberg.
13:45 of 1st period - Shot Blocked by Jordan Oesterle.
14:06 of 1st period - Wrist shot by Jamie McGinn.
14:06 of 1st period - Stopped by Eddie Lack with a rebound.
14:24 of 1st period - Snap shot by Rene Bourque.
14:24 of 1st period - Deflect By Jamie McGinn.
14:24 of 1st period - Shot Blocked by Andrej Sekera.
14:24 of 1st period - Puck is out of play.
14:25 of 1st period - Matt Cullen wins face-off versus Jeff Skinner in Lightning zone.
14:30 of 1st period - Slapshot by Jeff Skinner.
14:30 of 1st period - Stopped by Eddie Lack without a rebound.
14:31 of 1st period - Matt Cullen wins face-off versus Jeff Skinner in Lightning zone.
15:18 of 1st period - Wrist shot by Antoine Vermette.
15:18 of 1st period - Shot Misses the Net.
15:28 of 1st period - Snap shot by Jamie McGinn.
15:28 of 1st period - Stopped by Eddie Lack with a rebound.
15:41 of 1st period - Icing by Gabriel Dumont.
15:42 of 1st period - Matt Cullen wins face-off versus Jeff Skinner in Blues zone.
16:37 of 1st period - Snap shot by Rene Bourque.
16:37 of 1st period - Stopped by Eddie Lack with a rebound.
18:14 of 1st period - Wrist shot by Jamie McGinn.
18:14 of 1st period - Shot Misses the Net.
18:16 of 1st period - Snap shot by Rene Bourque.
18:16 of 1st period - Goal by Rene Bourque - Blues : 1 - Lightning : 1.
18:17 of 1st period - Kevin Porter wins face-off versus Matt Cullen in neutral zone.
18:20 of 1st period - Snap shot by Rene Bourque.
18:20 of 1st period - Shot Blocked by Johnny Boychuk.
18:22 of 1st period - Snap shot by Kevin Porter.
18:22 of 1st period - Stopped by Eddie Lack with a rebound.
18:24 of 1st period - Slapshot by Mark Fayne.
18:24 of 1st period - Shot Misses the Net.
18:26 of 1st period - Wrist shot by Rene Bourque.
18:26 of 1st period - Deflect By Jamie McGinn.
18:26 of 1st period - Stopped by Eddie Lack without a rebound.
18:27 of 1st period - Matt Cullen wins face-off versus Kevin Porter in Lightning zone.
18:43 of 1st period - Minor Penalty to Rene Bourque for Interference.
18:44 of 1st period - Tyler Seguin wins face-off versus Jeff Skinner in Blues zone.
19:48 of 1st period - Melker Karlsson is hit by Matt Cullen and loses puck.
Goals for this period are 1 for Blues vs 1 for Lightning.
Shots for this period are 11 for Blues vs 6 for Lightning.

2nd period


0:01 of 2nd period - Jeff Skinner wins face-off versus Matt Cullen in neutral zone.
0:43 of 2nd period - Penalty to Rene Bourque is over, Rene Bourque is back on ice.
0:52 of 2nd period - Snap shot by Drew Stafford.
0:52 of 2nd period - Stopped by Kari Lehtonen without a rebound.
0:53 of 2nd period - Kevin Porter wins face-off versus Drew Stafford in Blues zone.
1:02 of 2nd period - Slapshot by Drew Stafford.
1:02 of 2nd period - Shot Misses the Net.
1:25 of 2nd period - Snap shot by Ryan Nugent-Hopkins.
1:25 of 2nd period - Shot Misses the Net.
1:29 of 2nd period - Snap shot by Drew Stafford.
1:29 of 2nd period - Shot Misses the Net.
1:31 of 2nd period - Slapshot by Colin Miller.
1:31 of 2nd period - Stopped by Kari Lehtonen with a rebound.
1:33 of 2nd period - Slapshot by Drew Stafford.
1:33 of 2nd period - Stopped by Kari Lehtonen with a rebound.
1:35 of 2nd period - Slapshot by Viktor Stalberg.
1:35 of 2nd period - Stopped by Kari Lehtonen with a rebound.
1:37 of 2nd period - Snap shot by Drew Stafford.
1:37 of 2nd period - Stopped by Kari Lehtonen with a rebound.
1:47 of 2nd period - Snap shot by Ryan Nugent-Hopkins.
1:47 of 2nd period - Shot Hit the Post.
1:49 of 2nd period - Backhand shot by Drew Stafford.
1:49 of 2nd period - Shot Misses the Net.
1:51 of 2nd period - Snap shot by Dennis Seidenberg.
1:51 of 2nd period - Goal by Dennis Seidenberg - Blues : 1 - Lightning : 2.
1:52 of 2nd period - Tyler Seguin wins face-off versus Nate Thompson in neutral zone.
1:55 of 2nd period - Snap shot by Tyler Seguin.
1:55 of 2nd period - Stopped by Kari Lehtonen with a rebound.
2:26 of 2nd period - Snap shot by Jonathan Marchessault.
2:26 of 2nd period - Shot Blocked by Kevin Porter.
2:28 of 2nd period - Wrist shot by Jussi Jokinen.
2:28 of 2nd period - Deflect By Jonathan Marchessault.
2:28 of 2nd period - Shot Misses the Net.
2:28 of 2nd period - Puck is out of play.
2:29 of 2nd period - Tyler Seguin wins face-off versus Melker Karlsson in Blues zone.
2:36 of 2nd period - Slapshot by Melker Karlsson.
2:36 of 2nd period - Stopped by Eddie Lack with a rebound.
2:38 of 2nd period - Wrist shot by Cody Eakin.
2:38 of 2nd period - Stopped by Eddie Lack with a rebound.
2:40 of 2nd period - Slapshot by Jordan Oesterle.
2:40 of 2nd period - Stopped by Eddie Lack with a rebound.
2:44 of 2nd period - Wrist shot by Jeff Skinner.
2:44 of 2nd period - Stopped by Eddie Lack without a rebound.
2:45 of 2nd period - Jonathan Marchessault wins face-off versus Nate Thompson in Lightning zone.
3:20 of 2nd period - Snap shot by Cody Eakin.
3:20 of 2nd period - Shot Blocked by Radko Gudas.
3:22 of 2nd period - Slapshot by Mike Green.
3:22 of 2nd period - Shot Misses the Net.
3:28 of 2nd period - Minor Penalty to Radko Gudas for Holding.
3:29 of 2nd period - Jeff Skinner wins face-off versus Tyler Seguin in Lightning zone.
3:42 of 2nd period - Snap shot by Cody Eakin.
3:42 of 2nd period - Stopped by Eddie Lack with a rebound.
3:44 of 2nd period - Slapshot by Trevor Daley.
3:44 of 2nd period - Shot Blocked by Colin Miller.
3:54 of 2nd period - Jamie McGinn is hit by Noah Hanifin and loses puck.
5:28 of 2nd period - Penalty to Radko Gudas is over, Radko Gudas is back on ice.
5:51 of 2nd period - Slapshot by Jussi Jokinen.
5:51 of 2nd period - Stopped by Kari Lehtonen with a rebound.
5:53 of 2nd period - Slapshot by Matt Cullen.
5:53 of 2nd period - Deflect By Jonathan Marchessault.
5:53 of 2nd period - Shot Misses the Net.
5:53 of 2nd period - Puck is out of play.
5:54 of 2nd period - Matt Cullen wins face-off versus Gabriel Dumont in Blues zone.
6:13 of 2nd period - Nate Thompson is hit by Antoine Vermette and loses puck.
6:22 of 2nd period - Snap shot by Antoine Vermette.
6:22 of 2nd period - Stopped by Kari Lehtonen with a rebound.
6:32 of 2nd period - Snap shot by Jamie McGinn.
6:32 of 2nd period - Stopped by Eddie Lack without a rebound.
6:33 of 2nd period - Ryan Nugent-Hopkins wins face-off versus Rene Bourque in Lightning zone.
6:33 of 2nd period - Ryan Nugent-Hopkins is hit by Jamie McGinn.
8:06 of 2nd period - Snap shot by Drew Stafford.
8:06 of 2nd period - Stopped by Kari Lehtonen without a rebound.
8:07 of 2nd period - Tyler Seguin wins face-off versus Jordan Szwarz in Blues zone.
8:53 of 2nd period - Snap shot by Kevin Porter.
8:53 of 2nd period - Stopped by Eddie Lack with a rebound.
9:01 of 2nd period - Slapshot by Jeff Skinner.
9:01 of 2nd period - Deflect By Melker Karlsson.
9:01 of 2nd period - Shot Misses the Net.
9:01 of 2nd period - Puck is out of play.
9:02 of 2nd period - Tyler Seguin wins face-off versus Jeff Skinner in Lightning zone.
9:09 of 2nd period - Snap shot by Tyler Seguin.
9:09 of 2nd period - Shot Blocked by Jordan Oesterle.
9:11 of 2nd period - Wrist shot by Radim Vrbata.
9:11 of 2nd period - Shot Misses the Net.
9:13 of 2nd period - Wrist shot by Radim Vrbata.
9:13 of 2nd period - Goal by Radim Vrbata - Blues : 1 - Lightning : 3.
9:14 of 2nd period - Matt Cullen wins face-off versus Cody Eakin in neutral zone.
9:45 of 2nd period - Slapshot by Tyler Seguin.
9:45 of 2nd period - Stopped by Kari Lehtonen with a rebound.
10:07 of 2nd period - Wrist shot by Carl Soderberg.
10:07 of 2nd period - Shot Misses the Net.
10:09 of 2nd period - Snap shot by Ryan Dzingel.
10:09 of 2nd period - Stopped by Kari Lehtonen without a rebound.
10:10 of 2nd period - Matt Cullen wins face-off versus Jeff Skinner in Blues zone.
10:35 of 2nd period - Trevor Daley is hit by Radim Vrbata and loses puck.
10:58 of 2nd period - Wrist shot by Ryan Nugent-Hopkins.
10:58 of 2nd period - Shot Misses the Net.
11:02 of 2nd period - Snap shot by Ryan Nugent-Hopkins.
11:02 of 2nd period - Shot Misses the Net.
11:22 of 2nd period - Icing by Kevin Porter.
11:23 of 2nd period - Kevin Porter wins face-off versus Antoine Vermette in Blues zone.
12:31 of 2nd period - Nate Thompson is hit by Ryan Nugent-Hopkins and loses puck.
13:28 of 2nd period - Cody Eakin is hit by Viktor Stalberg and loses puck.
13:43 of 2nd period - Ryan Nugent-Hopkins is hit by Ryan Reaves and loses puck.
14:20 of 2nd period - Snap shot by Dominik Simon.
14:20 of 2nd period - Shot Misses the Net.
14:32 of 2nd period - Snap shot by Tyler Seguin.
14:32 of 2nd period - Goal by Tyler Seguin - Blues : 1 - Lightning : 4.
14:33 of 2nd period - Matt Cullen wins face-off versus Jeff Skinner in neutral zone.
14:44 of 2nd period - Wrist shot by Jeff Skinner.
14:44 of 2nd period - Stopped by Eddie Lack without a rebound.
14:45 of 2nd period - Tyler Seguin wins face-off versus Jeff Skinner in Lightning zone.
15:38 of 2nd period - Snap shot by Antoine Vermette.
15:38 of 2nd period - Stopped by Kari Lehtonen without a rebound.
15:39 of 2nd period - Tyler Seguin wins face-off versus Jeff Skinner in Blues zone.
15:40 of 2nd period - Snap shot by Nick Foligno.
15:40 of 2nd period - Stopped by Kari Lehtonen without a rebound.
15:41 of 2nd period - Tyler Seguin wins face-off versus Jeff Skinner in Blues zone.
15:42 of 2nd period - Snap shot by Nick Foligno.
15:42 of 2nd period - Stopped by Kari Lehtonen without a rebound.
15:43 of 2nd period - Tyler Seguin wins face-off versus Jeff Skinner in Blues zone.
15:44 of 2nd period - Snap shot by Radim Vrbata.
15:44 of 2nd period - Deflect By Tyler Seguin.
15:44 of 2nd period - Stopped by Kari Lehtonen without a rebound.
15:45 of 2nd period - Tyler Seguin wins face-off versus Jeff Skinner in Blues zone.
15:46 of 2nd period - Snap shot by Radim Vrbata.
15:46 of 2nd period - Stopped by Kari Lehtonen with a rebound.
15:48 of 2nd period - Minor Penalty to Cody Eakin for Tripping.
15:49 of 2nd period - Jeff Skinner wins face-off versus Matt Cullen in Blues zone.
16:02 of 2nd period - Wrist shot by Jonathan Marchessault.
16:02 of 2nd period - Shot Blocked by Jeff Skinner.
16:04 of 2nd period - Snap shot by Jonathan Marchessault.
16:04 of 2nd period - Goal by Jonathan Marchessault - Blues : 1 - Lightning : 5.
16:05 of 2nd period - Matt Cullen wins face-off versus Jeff Skinner in neutral zone.
16:08 of 2nd period - Wrist shot by Jussi Jokinen.
16:08 of 2nd period - Shot Blocked by Trevor Daley.
16:14 of 2nd period - Cody Eakin is hit by Matt Cullen.
16:15 of 2nd period - Icing by Cody Eakin.
16:16 of 2nd period - Jeff Skinner wins face-off versus Radim Vrbata in Blues zone.
16:51 of 2nd period - Tyler Seguin is hit by Cody Eakin and loses puck.
17:34 of 2nd period - Radim Vrbata is hit by Mike Green and loses puck.
18:05 of 2nd period - Snap shot by Jeff Skinner.
18:05 of 2nd period - Stopped by Eddie Lack with a rebound.
18:07 of 2nd period - Slapshot by Trevor Daley.
18:07 of 2nd period - Shot Misses the Net.
18:11 of 2nd period - Snap shot by Jeff Skinner.
18:11 of 2nd period - Shot Blocked by Radko Gudas.
18:13 of 2nd period - Wrist shot by Jeff Skinner.
18:13 of 2nd period - Shot Blocked by Radko Gudas.
18:15 of 2nd period - Slapshot by Cody Eakin.
18:15 of 2nd period - Shot Misses the Net.
18:17 of 2nd period - Snap shot by Jeff Skinner.
18:17 of 2nd period - Shot Misses the Net.
18:19 of 2nd period - Wrist shot by Jeff Skinner.
18:19 of 2nd period - Shot Blocked by Radko Gudas.
18:21 of 2nd period - Slapshot by Mike Green.
18:21 of 2nd period - Stopped by Eddie Lack without a rebound.
18:22 of 2nd period - Matt Cullen wins face-off versus Kevin Porter in Lightning zone.
18:22 of 2nd period - Matt Cullen is hit by Rene Bourque.
18:32 of 2nd period - Rene Bourque is hit by Dennis Seidenberg and loses puck.
19:10 of 2nd period - Viktor Stalberg is hit by Kevin Porter and loses puck.
19:23 of 2nd period - Wrist shot by Jamie McGinn.
19:23 of 2nd period - Shot Blocked by Johnny Boychuk.
19:29 of 2nd period - Snap shot by Kevin Porter.
19:29 of 2nd period - Shot Blocked by Johnny Boychuk.
19:31 of 2nd period - Slapshot by David Schlemko.
19:31 of 2nd period - Shot Misses the Net.
19:37 of 2nd period - Wrist shot by Kevin Porter.
19:37 of 2nd period - Shot Misses the Net.
19:45 of 2nd period - Wrist shot by Jamie McGinn.
19:45 of 2nd period - Stopped by Eddie Lack with a rebound.
Goals for this period are 0 for Blues vs 4 for Lightning.
Shots for this period are 11 for Blues vs 20 for Lightning.

3rd period


0:01 of 3rd period - Matt Cullen wins face-off versus Jeff Skinner in neutral zone.
0:26 of 3rd period - Andrej Sekera is hit by Jordan Szwarz and loses puck.
0:31 of 3rd period - Snap shot by Ryan Reaves.
0:31 of 3rd period - Shot Blocked by Radko Gudas.
0:33 of 3rd period - Slapshot by Brenden Dillon.
0:33 of 3rd period - Shot Blocked by Ryan Dzingel.
0:35 of 3rd period - Snap shot by Ryan Reaves.
0:35 of 3rd period - Shot Blocked by Radko Gudas.
0:52 of 3rd period - Radko Gudas is hit by Jamie McGinn.
1:32 of 3rd period - Nate Thompson is hit by Matt Cullen and loses puck.
3:01 of 3rd period - Wrist shot by Jeff Skinner.
3:01 of 3rd period - Stopped by Eddie Lack without a rebound.
3:02 of 3rd period - Radim Vrbata wins face-off versus Gabriel Dumont in Lightning zone.
3:29 of 3rd period - Wrist shot by Jonathan Marchessault.
3:29 of 3rd period - Shot Misses the Net.
3:42 of 3rd period - Wrist shot by Jamie McGinn.
3:42 of 3rd period - Stopped by Eddie Lack with a rebound.
3:44 of 3rd period - Snap shot by Mark Fayne.
3:44 of 3rd period - Shot Blocked by Colin Miller.
3:46 of 3rd period - Wrist shot by Rene Bourque.
3:46 of 3rd period - Shot Blocked by Colin Miller.
3:48 of 3rd period - Snap shot by Jamie McGinn.
3:48 of 3rd period - Shot Misses the Net.
3:54 of 3rd period - Minor Penalty to Colin Miller for Interference.
3:55 of 3rd period - Jeff Skinner wins face-off versus Tyler Seguin in Lightning zone.
4:04 of 3rd period - Snap shot by Melker Karlsson.
4:04 of 3rd period - Goal by Melker Karlsson - Blues : 2 - Lightning : 5.
4:05 of 3rd period - Matt Cullen wins face-off versus Jeff Skinner in neutral zone.
4:59 of 3rd period - Snap shot by Jamie McGinn.
4:59 of 3rd period - Stopped by Eddie Lack with a rebound.
5:01 of 3rd period - Slapshot by Jamie McGinn.
5:01 of 3rd period - Stopped by Eddie Lack with a rebound.
5:15 of 3rd period - Radko Gudas is hit by Gabriel Dumont and loses puck.
6:42 of 3rd period - Jussi Jokinen is hit by David Schlemko and loses puck.
8:24 of 3rd period - Off-side.
8:25 of 3rd period - Gabriel Dumont wins face-off versus Ryan Nugent-Hopkins in neutral zone.
8:52 of 3rd period - Snap shot by Radim Vrbata.
8:52 of 3rd period - Deflect By David Schlemko.
8:52 of 3rd period - Stopped by Kari Lehtonen with a rebound.
9:12 of 3rd period - Snap shot by Dominik Simon.
9:12 of 3rd period - Shot Blocked by Noah Hanifin.
9:14 of 3rd period - Slapshot by Dominik Simon.
9:14 of 3rd period - Shot Misses the Net.
9:16 of 3rd period - Wrist shot by Dominik Simon.
9:16 of 3rd period - Shot Hit the Post.
9:18 of 3rd period - Snap shot by Jordan Szwarz.
9:18 of 3rd period - Shot Misses the Net.
9:26 of 3rd period - Backhand shot by Gabriel Dumont.
9:26 of 3rd period - Stopped by Eddie Lack without a rebound.
9:27 of 3rd period - Matt Cullen wins face-off versus Jeff Skinner in Lightning zone.
9:42 of 3rd period - Snap shot by Jussi Jokinen.
9:42 of 3rd period - Stopped by Kari Lehtonen without a rebound.
9:43 of 3rd period - Kevin Porter wins face-off versus Antoine Vermette in Blues zone.
9:43 of 3rd period - Kevin Porter is hit by Radko Gudas.
9:44 of 3rd period - Kevin Porter from Blues is injured at 9:44 of 3rd period (Lacerated Right Calf).
9:45 of 3rd period - Jeff Skinner wins face-off versus Matt Cullen in Blues zone.
10:11 of 3rd period - Jamie McGinn is hit by Tyler Seguin and loses puck.
10:32 of 3rd period - Wrist shot by Ryan Nugent-Hopkins.
10:32 of 3rd period - Shot Misses the Net.
11:00 of 3rd period - Slapshot by Mike Green.
11:00 of 3rd period - Stopped by Eddie Lack without a rebound.
11:01 of 3rd period - Nate Thompson wins face-off versus Matt Cullen in Lightning zone.
11:02 of 3rd period - Slapshot by Ryan Reaves.
11:02 of 3rd period - Stopped by Eddie Lack without a rebound.
11:03 of 3rd period - Jeff Skinner wins face-off versus Matt Cullen in Lightning zone.
11:07 of 3rd period - Icing by Andrej Sekera.
11:08 of 3rd period - Matt Cullen wins face-off versus Jeff Skinner in Lightning zone.
11:37 of 3rd period - Rene Bourque is hit by Tyler Seguin and loses puck.
12:12 of 3rd period - Wrist shot by Rene Bourque.
12:12 of 3rd period - Shot Blocked by Dennis Seidenberg.
12:14 of 3rd period - Slapshot by Brenden Dillon.
12:14 of 3rd period - Deflect By Rene Bourque.
12:14 of 3rd period - Stopped by Eddie Lack without a rebound.
12:15 of 3rd period - Matt Cullen wins face-off versus Jeff Skinner in Lightning zone.
13:07 of 3rd period - Jeff Skinner is hit by Ryan Dzingel and loses puck.
13:12 of 3rd period - Slapshot by Ryan Dzingel.
13:12 of 3rd period - Stopped by Kari Lehtonen with a rebound.
13:14 of 3rd period - Snap shot by Ryan Dzingel.
13:14 of 3rd period - Stopped by Kari Lehtonen with a rebound.
13:16 of 3rd period - Snap shot by Antoine Vermette.
13:16 of 3rd period - Shot Blocked by Jeff Skinner.
13:20 of 3rd period - Wrist shot by Ryan Dzingel.
13:20 of 3rd period - Stopped by Kari Lehtonen with a rebound.
13:41 of 3rd period - Johnny Boychuk is hit by Melker Karlsson and loses puck.
14:13 of 3rd period - Icing by Jordan Oesterle.
14:14 of 3rd period - Nate Thompson wins face-off versus Antoine Vermette in Blues zone.
14:38 of 3rd period - Snap shot by Nick Foligno.
14:38 of 3rd period - Shot Misses the Net.
15:01 of 3rd period - Jordan Szwarz is hit by Tyler Seguin and loses puck.
15:44 of 3rd period - Wrist shot by Tyler Seguin.
15:44 of 3rd period - Shot Misses the Net.
15:46 of 3rd period - Wrist shot by Radim Vrbata.
15:46 of 3rd period - Shot Misses the Net.
15:48 of 3rd period - Wrist shot by Nick Foligno.
15:48 of 3rd period - Shot Misses the Net.
15:50 of 3rd period - Slapshot by Dennis Seidenberg.
15:50 of 3rd period - Shot Misses the Net.
15:52 of 3rd period - Backhand shot by Dennis Seidenberg.
15:52 of 3rd period - Stopped by Kari Lehtonen without a rebound.
15:53 of 3rd period - Matt Cullen wins face-off versus Jeff Skinner in Blues zone.
16:17 of 3rd period - Johnny Boychuk is hit by Melker Karlsson and loses puck.
18:49 of 3rd period - Mike Green is hit by Matt Cullen.
18:56 of 3rd period - Icing by Jamie McGinn.
18:57 of 3rd period - Antoine Vermette wins face-off versus Melker Karlsson in Blues zone.
19:00 of 3rd period - Snap shot by Antoine Vermette.
19:00 of 3rd period - Stopped by Kari Lehtonen without a rebound.
19:01 of 3rd period - Carl Soderberg wins face-off versus Nate Thompson in Blues zone.
19:08 of 3rd period - Wrist shot by Ryan Dzingel.
19:08 of 3rd period - Stopped by Kari Lehtonen without a rebound.
19:09 of 3rd period - Matt Cullen wins face-off versus Nate Thompson in Blues zone.
19:34 of 3rd period - Snap shot by Ryan Dzingel.
19:34 of 3rd period - Shot Misses the Net.
19:36 of 3rd period - Minor Penalty to Jordan Szwarz for Tripping.
19:37 of 3rd period - Tyler Seguin wins face-off versus Jeff Skinner in Blues zone.
Goals for this period are 1 for Blues vs 0 for Lightning.
Shots for this period are 9 for Blues vs 8 for Lightning.